 Dungeon Crawl Stone Soup version 0.29-a0-231-g945431f764 (webtiles) character file.

Game seed: 3887888162173435687

263 Hasart the Shooter (level 5, -11/45 HPs)
             Began as a Demigod Hunter on Feb 28, 2022.
             Mangled by an iguana (13 damage)
             ... on level 4 of the Dungeon.
             The game lasted 00:04:50 (3018 turns).

Hasart the Shooter (Demigod Hunter)                 Turns: 3018, Time: 00:04:50

Health: -11/45     AC:  5    Str: 13    XL:     5   Next: 65%
Magic:  7/7        EV: 13    Int: 13    God:
Gold:   138        SH:  0    Dex: 18    Spells: 4/4 levels left

rFire   . . .      SeeInvis .   a - +1 shortbow
rCold   . . .      Faith    .   (shield currently unavailable)
rNeg    . . .      Spirit   .   b - +0 leather armour
rPois   .          Reflect  .   m - +0 helmet
rElec   .          Harm     .   (no cloak)
rCorr   .          Rampage  .   r - +0 pair of gloves
Will    .....                   (no boots)
Stlth   ++........              (no amulet)
HPRegen 0.15/turn               (no ring)
MPRegen 0.10/turn               (no ring)

@: no status effects
A: high MP 1, forlorn, divine attributes
a: no special abilities


You were on level 4 of the Dungeon.
You visited 1 branch of the dungeon, and saw 4 of its levels.

You collected 138 gold pieces.

Inventory:

Hand Weapons
 a - a +1 shortbow (weapon)
Armour
 b - a +0 leather armour (worn)
 m - a +0 helmet (worn)
 r - a +0 pair of gloves (worn)
Jewellery
 i - an amulet of regeneration
 o - a ring of ice
Scrolls
 c - a scroll of brand weapon {unknown}
 e - 4 scrolls of immolation {unknown}
 f - 3 scrolls of identify {unknown}
 g - a scroll of amnesia {unknown}
 q - a scroll of teleportation {unknown}
 s - a scroll of noise {unknown}
Potions
 d - 2 potions of heal wounds {unknown}
 h - 4 potions of curing {unknown}
 j - a potion of berserk rage {unknown}
 k - 2 potions of degeneration {unknown}
 l - a potion of magic {unknown}
 n - a potion of might
 p - 2 potions of lignification {unknown}
 t - a potion of mutation {unknown}


   Skills:
 + Level 3.1 Fighting
 + Level 4.5 Bows
 + Level 3.2 Dodging
 + Level 2.9 Stealth


You had 4 spell levels left.
You didn't know any spells.
Your spell library was empty.

Dungeon Overview and Level Annotations

Branches:
Dungeon (4/15)
 Temple: D:4-7

Portals:
Ossuary: D:4


Innate Abilities, Weirdness & Mutations

You have an increased reservoir of magic. (+10% MP)
You shall have no god before yourself.
Your divine heritage dramatically boosts your attributes as you level up.


Message History

Shoot: a) +1 shortbow
Press: ? - help, Q - select action Shift-Dir - straight line, f/p - iguana
Aim: an iguana (moderately wounded, 69% to hit)
You shoot an arrow.
The arrow hits the iguana but does no damage.
The iguana is moderately wounded.
The iguana bites you!
* * * LOW HITPOINT WARNING * * *
Unknown command.
Shoot: a) +1 shortbow
Press: ? - help, Q - select action Shift-Dir - straight line, f/p - iguana
Aim: an iguana (moderately wounded, 69% to hit)
You shoot an arrow.
The arrow hits the iguana but does no damage.
The iguana is moderately wounded.
The iguana misses you. x2
Unknown command.
Shoot: a) +1 shortbow
Press: ? - help, Q - select action Shift-Dir - straight line, f/p - iguana
Aim: an iguana (moderately wounded, 69% to hit)
You shoot an arrow. The arrow hits the iguana.
The iguana is heavily wounded.
The iguana bites you!
* * * LOW HITPOINT WARNING * * *
Unknown command.
Shoot: a) +1 shortbow
Press: ? - help, Q - select action Shift-Dir - straight line, f/p - iguana
Aim: an iguana (heavily wounded, 69% to hit)
You shoot an arrow. The arrow hits the iguana.
The iguana is severely wounded.
The iguana closely misses you.
Unknown command.
Shoot: a) +1 shortbow
Press: ? - help, Q - select action Shift-Dir - straight line, f/p - iguana
Aim: an iguana (severely wounded, 69% to hit)
You shoot an arrow.
The arrow hits the iguana but does no damage.
The iguana is severely wounded.
The iguana barely misses you. The iguana bites you!
You die...

.........§#########
#..........#
#..........# .
#....)....####..
#.###......##....
#...#†##..#
#....†....#
###...#.....###
.......@l[....#
....>.....#....
..........#####
......#.'##
###..##.#. ....
###.∩ ..... .. ....
###


You could see an iguana.

Vanquished Creatures
  An orc priest (D:3)
  Natasha (D:2)
  An iguana (D:4)
  An orc wizard (D:3)
  Robin (D:2)
  7 adders
  3 worms
  A dart slug (D:1)
  4 orcs
  4 ball pythons
  4 bats
  3 endoplasms
  4 giant cockroaches
  10 goblins
  9 hobgoblins
  4 jackals (D:2)
  3 quokkas
  2 frilled lizards (D:2)
  5 kobolds
  4 rats
72 creatures vanquished.

Notes
Turn   | Place    | Note
-------+----------+-------------------------------------------
     0 | D:1      | Hasart the Demigod Hunter began the quest for the Orb.
     0 | D:1      | Reached XP level 1. HP: 17/17 MP: 3/3
    20 | D:1      | Reached skill level 1 in Stealth
   280 | D:1      | Reached XP level 2. HP: 24/24 MP: 4/4
   936 | D:2      | Reached XP level 3. HP: 18/29 MP: 5/5
  1292 | D:2      | Noticed Robin
  1293 | D:2      | Reached skill level 4 in Bows
  1301 | D:2      | Killed Robin
  1442 | D:2      | Reached XP level 4. HP: 37/37 MP: 6/6
  1454 | D:2      | Noticed Natasha
  1460 | D:2      | Killed Natasha
  2273 | D:3      | Reached XP level 5. HP: 29/44 MP: 7/7
  3008 | D:4      | Found a sand-covered staircase.
  3016 | D:4      | HP: 1/45 [iguana (9)]
  3018 | D:4      | Mangled by an iguana

Illustrated notes

Levels and vault maps discovered:
D:1:      scummos_arrival_checkerplants, layout_basic,
          dreamdust_ecumenical_altar_angels_and_demons
D:2:      layout_loops_ring, uniq_robin, uniq_natasha
D:3:      layout_loops_corners
D:4:      layout_cave_pools, nicolae_ossuary_entry_false_entrances,
          kennysheep_pointless_box, minivault_24, kennysheep_opposing_triangles

Skill      XL: |  1  2  3  4  5 |
---------------+----------------+-----
Stealth        | 1 2 |  2.9
Fighting       | 2 3 |  3.1
Dodging        | 2 3 |  3.2
Bows           | 4 |  4.5

Action                   |  1- 3 |  4- 6 || total
-------------------------+-------+-------++-------
 Fire: Shortbow          |   111 |    97 ||   208
Armor: Leather armour    |    17 |    11 ||    28
Dodge: Dodged            |    49 |    18 ||    67

Table legend: (Time is in decaauts)
 A = Elapsed time spent in this place.
 B = Non-inter-level travel time spent in this place.
 C = Inter-level travel time spent in this place.
 D = Time resting spent in this place.
 E = Time spent auto-exploring this place.
 F = Levels seen in this place.
 G = Mean time per level.
                   A        B        C        D        E       F      G
               +--------+--------+--------+--------+--------+-----+--------+
         Total |   3087 |   2998 |     89 |      0 |   2543 |   4 |  771.8 |
       Dungeon |   3087 |   2998 |     89 |      0 |   2543 |   4 |  771.8 |
               +--------+--------+--------+--------+--------+-----+--------+

Top non-repeatable levels by time:
     D:3: 1056 daAuts
     D:2: 969 daAuts
     D:1: 898 daAuts
     D:4: 162 daAuts
